Map: Berlingrad LE

Players

jamestkirk - Winner!

  • Race: Protoss Protoss
  • League: Bronze
  • Spawn Location: 11:00

HeadHunter

  • Race: Terran Terran
  • League: Master
  • Spawn Location: 5:00

VOD

Have the link to the VOD?

Description

Time

  • Played on: April 15, 2022, 12:15 p.m.
  • Length: 8:34
Show
View Real Time Build Order
Export as new Build Order

jamestkirk Protoss - Winner!

Build Orders: 1 Gate Expand 

Get SALT Encoding   

  12  0:01  Probe  
  13  0:13  Probe  
  14  0:18  Pylon  
  14  0:25  Probe  
  15  0:37  Probe  
  15  0:38  Gateway  
  16  0:50  Probe (Chrono Boost)  
  17  0:58  Assimilator  
  17  1:00  Probe (Chrono Boost)  
  18  1:05  Probe (Chrono Boost)  
  19  1:16  Probe  
  20  1:29  Nexus  
  20  1:43  Pylon  
  20  1:50  Probe  
  21  1:55  Cybernetics Core  
  21  2:01  Assimilator  
  21  2:03  Probe (Chrono Boost)  
  21  2:05  Pylon  
  22  2:14  Probe (Chrono Boost)  
  23  2:18  Probe (Chrono Boost)  
  24  2:26  Pylon  
  24  2:29  Probe  
  25  2:42  Stalker (Chrono Boost)  
  24  3:03  Stalker (Chrono Boost)  
  21  3:23  Stalker (Chrono Boost)  
  23  3:30  Probe  
  24  3:41  Probe  
  25  3:43  Probe  
  26  3:53  Stalker (Chrono Boost), Probe  
  26  3:55  Probe  
  30  4:05  Probe  
  30  4:07  Probe  
  32  4:12  Gateway  
  31  4:17  Probe  
  31  4:19  Probe  
  33  4:29  Probe, Warp Gate (Chrono Boost)  
  34  4:39  Stalker  
  36  4:48  Pylon  
  36  5:06  Gateway  
  33  5:13  Stalker (Chrono Boost)  
  35  5:29  Stalker (Chrono Boost), Probe  
  35  5:30  Probe  
  37  5:40  Robotics Facility  
  37  5:41  Probe  
  37  5:42  Probe  
  39  5:48  Stalker  
  40  5:53  Probe  
  39  6:12  Stalker  
  39  6:13  Stalker  
  43  6:36  Stalker x3  
  45  7:05  Stalker  
  45  7:06  Stalker x2  
  37  7:10  Probe x2  
  38  7:22  Probe x2  
  40  7:34  Probe x2  
  42  7:41  Stalker x2  
  44  7:46  Probe  
  44  7:47  Probe  
  43  7:58  Probe  
  43  7:59  Probe  
  45  8:11  Probe x2  
Show
View Real Time Build Order
Export as new Build Order

HeadHunter Terran 

Build Orders:  

Get SALT Encoding   

  12  0:00  SCV  
  13  0:12  SCV  
  14  0:18  Supply Depot  
  14  0:24  SCV  
  15  0:40  Barracks  
  15  0:46  Refinery  
  15  1:00  Barracks  
  15  1:12  Barracks  
  15  1:20  Refinery  
  15  1:29  Reaper  
  16  1:49  Reaper  
  17  1:59  Supply Depot  
  17  2:00  Reaper  
  18  2:07  Reaper  
  19  2:21  Reaper  
  20  2:32  Reaper  
  21  2:39  Reaper  
  22  2:53  Reaper  
  23  3:04  Reaper  
  19  3:25  Reaper x2  
  20  3:36  Reaper  
  20  3:57  Reaper x2  
  22  4:09  Reaper  
  22  4:29  Reaper x2  
  22  4:41  Reaper  
  23  4:49  Bunker  
  23  4:57  Barracks  
  23  5:01  Reaper x2  
  25  5:13  Reaper  
  20  5:33  Reaper x2  
  22  5:45  Reaper  
  23  5:52  Reaper  
  23  6:05  Reaper x2  
  25  6:17  Reaper  
  26  6:24  Reaper  
  26  6:38  Reaper  
  27  6:43  Reaper  
  27  6:49  Reaper  
  24  7:12  Reaper  
  22  7:21  Orbital Command  
  22  7:22  Factory  
  21  7:41  Command Center  
  21  7:50  Reaper  
  22  7:58  Bunker  
  22  7:59  Bunker  
Tags
 
Add a new tag
Caveats
  • Supply blocks, unpowered buildings, or Contaminate may cause inaccurate times.
  • Supply counts are checked every 10 seconds.